 Dungeon Crawl Stone Soup version 0.16-a0-3712-g87ae24a (webtiles) character file.

311 Econoterrorist the Covert (level 6, -8/28 HPs)
             Began as a Spriggan Enchanter on Jan 20, 2015.
             Killed by divine providence
             ... invoked by an orc priest
              (17 damage)
             ... on level 4 of the Dungeon.
             The game lasted 00:10:46 (3583 turns).

Econoterrorist the Covert (Spriggan Enchanter)      Turns: 3583, Time: 00:10:46

Health: -8/28      AC:  3    Str:  4    XL:     6   Next: 18%
Magic:  15/21      EV: 17    Int: 18    God:
Gold:   128        SH:  5    Dex: 17    Spells: 3 memorised, 10 levels left

rFire  . . .     SeeInvis +     k - +4 dagger
rCold  . . .     Clarity  .     b - +1 robe
rNeg   . . .     SustAb   .     g - +0 buckler
rPois  .         Gourm    .     (helmet restricted)
rElec  .         Spirit   .     (no cloak)
rCorr  .         Warding  .     (gloves unavailable)
rMut   .         Stasis   .     (boots unavailable)
MR     +....                    l - amulet of regeneration
Stlth  +++++.....               (no ring)
                                (no ring)

@: about to teleport, very slightly contaminated, very quick, somewhat resistant
to hostile enchantments, quite stealthy
A: unfitting armour, see invisible, herbivore 3, speed 3, slow metabolism 2
a: no special abilities


You were on level 4 of the Dungeon.
You were not hungry.

You visited 1 branch of the dungeon, and saw 4 of its levels.

You collected 128 gold pieces.

Inventory:

Hand weapons
 k - a +4 dagger (weapon)
Armour
 b - a +1 robe (worn)
 g - a +0 buckler (worn)
Jewellery
 l - an amulet of regeneration (around neck)
 s - an uncursed ring of protection from cold {unknown}
Scrolls
 a - 2 scrolls of enchant armour {unknown}
 e - 8 scrolls of identify {unknown}
 f - a scroll of fear {unknown}
 h - 2 scrolls of recharging
 i - 2 scrolls of teleportation
 p - a scroll of remove curse {unknown}
 r - a scroll of amnesia {unknown}
Potions
 j - a potion of magic {unknown}
 m - a potion of ambrosia {unknown}
 n - 2 potions of degeneration {unknown}
 o - a potion of invisibility {unknown}
Books
 c - a book of Maledictions

   Spells                             Type                      Level
   a - Corona                         Hexes                        1
   b - Sure Blade                     Hexes/Charms                 2
   c - Ensorcelled Hibernation        Hexes/Ice                    2
   d - Confuse                        Hexes                        3
   e - Dazzling Spray                 Conjuration/Hexes            3
   f - Enslavement                    Hexes                        4
Comestibles
 d - 3 bread rations


   Skills:
 - Level 1.1 Short Blades
 - Level 3.0 Dodging
 - Level 8.8 Stealth
 + Level 5.5 Spellcasting
 - Level 3.6 Hexes


You had 10 spell levels left.
You knew the following spells:

 Your Spells              Type           Power        Failure   Level  Hunger
a - Corona                Hex            ###....      6%          1    None
b - Ensorcelled Hibernat  Hex/Ice        ##....       17%         2    #......
c - Confuse               Hex            ###.....     14%         3    ##.....


Dungeon Overview and Level Annotations

Branches:
Dungeon (4/15)
 Temple: D:4-7

Altars:
Yredelemnul

Annotations:
D:4 runed door


Innate Abilities, Weirdness & Mutations

You are tiny and cannot use many weapons and most armour.
You have supernaturally acute eyesight.
You are a herbivore.
You cover ground extremely quickly.
You need consume almost no food.


Message History

Casting: Ensorcelled Hibernation
Confirm with . or Enter, or press ? or * to list all spells.
Aiming: Ensorcelled Hibernation
Press: ? - help, Shift-Dir - straight line, f/p - orc priest
Aim: an orc priest, wielding a hand axe (chance 42%)
The orc priest resists with some effort.
You block the orc priest's attack. You block the rat's attack.
Read which item? (? for menu, Esc to quit)
As you read the scroll labeled YTOELULEFU, it crumbles to dust.
It is a scroll of recharging.
You aren't carrying any rechargeable items.
You block the orc priest's attack. The rat closely misses you.
The orc priest closely misses you.
Read which item? (? for menu, Esc to quit)
As you read the scroll labeled ESAM PSUXKELI, it crumbles to dust.
You feel strangely unstable.
It was a scroll of teleportation.
The orc priest calls down the wrath of Beogh upon you.
Something smites you!
Ouch! That really hurt!
You die...

#......#...#........
#......#...#.......
#...####..##......
#...####+####+###
#..............
#..............
#..............
#.....ooo.......
#.....r@o.......
################


You could see 4 orc priests and a rat.

Vanquished Creatures
  Edmund (D:4)
  The ghost of razhael the Skirmisher, a weakling DsAK of Lugonu (D:3)
  A worker ant (D:4)
  4 adders
  2 worms
  3 giant geckos
  An ooze (D:1)
  An orc (D:3)
  11 goblins
  8 hobgoblins
  3 ball pythons
  7 bats
  2 giant newts (D:1)
  8 kobolds
  37 rats
90 creatures vanquished.

Vanquished Creatures (others)
  A kobold (D:1)
1 creature vanquished.

Grand Total: 91 creatures vanquished

Notes
Turn   | Place    | Note
--------------------------------------------------------------
     0 | D:1      | Econoterrorist, the Spriggan Enchanter, began the quest for the Orb.
     0 | D:1      | Reached XP level 1. HP: 9/9 MP: 4/4
   141 | D:1      | Reached skill level 5 in Stealth
   289 | D:1      | Reached XP level 2. HP: 13/13 MP: 7/7
   316 | D:1      | Learned a level 2 spell: Ensorcelled Hibernation
   691 | D:1      | Reached skill level 6 in Stealth
  1371 | D:1      | Reached XP level 3. HP: 16/16 MP: 9/9
  1376 | D:1      | Learned a level 3 spell: Confuse
  1766 | D:2      | Reached skill level 7 in Stealth
  2044 | D:2      | Found a basalt altar of Yredelemnul.
  2091 | D:2      | Reached XP level 4. HP: 21/21 MP: 12/12
  2390 | D:3      | Reached skill level 8 in Stealth
  2607 | D:3      | Noticed razhael's ghost (weakling DsAK)
  2671 | D:3      | Killed razhael's ghost
  3039 | D:3      | Reached XP level 5. HP: 21/24 MP: 14/14
  3425 | D:4      | Found a runed door.
  3435 | D:4      | Noticed Edmund
  3444 | D:4      | Killed Edmund
  3444 | D:4      | Reached skill level 5 in Spellcasting
  3444 | D:4      | Reached XP level 6. HP: 28/28 MP: 8/21
  3583 | D:4      | Killed from afar by an orc priest

Action                   |  1- 3 |  4- 6 || total
-------------------------+-------+-------++-------
Melee: Dagger            |   111 |   104 ||   215
 Cast: Ensorcelled Hiber |     5 |    15 ||    20
       Confuse           |       |     5 ||     5
  Use: Scroll            |       |     2 ||     2
 Stab: Sleeping          |     8 |    20 ||    28
       Confused          |       |     2 ||     2
       Distracted        |       |     1 ||     1
  Eat: Pizza             |       |     2 ||     2
